 Dungeon Crawl Stone Soup version 0.30-a0-726-gd89dcf765f (webtiles) character file.

Game seed: 3681670489278531707

28667 Pooter the Basher (level 13, -1/106 HPs)
             Began as a Minotaur Fighter on Jan 28, 2023.
             Was a High Priest of Hepliaklqana.
             Engulfed by a ghost crab's spectral mist (9 damage)
             ... on level 3 of the Lair of Beasts on Jan 29, 2023.
             The game lasted 01:10:01 (15295 turns).

Pooter the Basher (Minotaur Fighter)               Turns: 15295, Time: 01:10:02

Health: -1/106     AC: 13    Str: 32    XL:     13   Next: 11%
Magic:  18/18      EV: 23    Int:  5    God:    Hepliaklqana [*****.]
Gold:   904        SH:  5    Dex: 16    Spells: 12/12 levels left

rFire   . . .      SeeInvis .    a - +2 morningstar (heavy)
rCold   + . .      Faith    .    c - +0 buckler
rNeg    . . .      Spirit   .    L - +1 plate armour
rPois   .          Reflect  .    (helmet restricted)
rElec   .          Harm     .    f - scarf {shadows}
rCorr   .          Rampage  .    e - +0 pair of gloves
Will    .....                    (no boots) Stlth
                                 m - amulet of the acrobat
HPRegen 0.37/turn                k - +6 ring of strength
MPRegen 0.16/turn                G - +6 ring of dexterity

@: acrobatic
A: reduced essence, horns 2, retaliatory headbutt, cold resistance 1, sturdy
frame 1
a: Renounce Religion, Recall Ancestor, Ancestor Identity, Transference, Idealise


You were on level 3 of the Lair of Beasts.
You worshipped Hepliaklqana.
Hepliaklqana was extremely pleased with you.
You visited 3 branches of the dungeon, and saw 14 of its levels.

You collected 904 gold pieces.

Inventory:

Hand Weapons
 a - a +2 heavy morningstar (weapon)
   (You found it on level 5 of the Dungeon)
 b - a +0 sling
   (You found it on level 1 of the Dungeon)
 u - a +4 battleaxe of freezing
   (You took it off a wight on level 7 of the Dungeon)
 A - a +0 shortbow
   (You took it off a centaur on level 6 of the Dungeon)
 B - a +0 halberd
   (You took it off a gnoll on level 4 of the Dungeon)
 H - a +2 vampiric trident
   (You found it on level 3 of the Dungeon)
 J - a +1 flail of holy wrath
   (You took it off an orc on level 6 of the Dungeon)
 K - a +4 war axe of freezing
   (You took it off a wight on level 7 of the Dungeon)
 M - a +6 whip of freezing
   (You took it off an orc on level 7 of the Dungeon)
Missiles
 n - 19 poisoned darts (quivered)
 C - 2 javelins
 N - a boomerang
 Q - 134 stones
 T - 3 silver javelins
Armour
 c - a +0 buckler (worn)
 e - a +0 pair of gloves (worn)
   (You found it on level 8 of the Dungeon)
 f - a scarf of shadows (worn)
   (You found it on level 1 of the Dungeon)
 L - a +1 plate armour (worn)
   (You found it on level 7 of the Dungeon)
Jewellery
 j - a ring of magical power
   (You found it on level 1 of the Lair of Beasts)
 k - a +6 ring of strength (left hand)
   (You found it on level 1 of the Dungeon)
 m - an amulet of the acrobat (around neck)
   (You found it on level 2 of the Dungeon)
 G - a +6 ring of dexterity (right hand)
   (You found it on level 5 of the Dungeon)
 I - a ring of protection from cold
   (You found it on level 2 of the Lair of Beasts)
Wands
 d - a wand of iceblast (19)
   (You took it off Ijyb on level 4 of the Dungeon)
 o - a wand of charming (4)
   (You found it on level 1 of the Lair of Beasts)
 x - a wand of acid (2)
   (You found it on level 3 of the Lair of Beasts)
Scrolls
 g - 5 scrolls of fear
 h - a scroll of torment {!r}
 t - 6 scrolls of teleportation {@r4}
 y - 3 scrolls of noise {!r}
 z - a scroll of magic mapping
 D - 3 scrolls of blinking
 F - 4 scrolls of fog
 R - a scroll of vulnerability {unknown}
 V - 3 scrolls of poison {!r}
Potions
 i - a potion of magic {unknown}
 l - 2 potions of attraction {!q}
 p - 3 potions of curing {@q1}
 q - 2 potions of haste {@q3}
 r - 3 potions of ambrosia
 s - 5 potions of lignification {!q}
 v - 2 potions of degeneration {unknown}
 w - 5 potions of invisibility
 O - 3 potions of resistance
 P - 2 potions of brilliance {unknown}
 S - 4 potions of heal wounds {@q2}
Miscellaneous
 U - a phantom mirror
   (You found it on level 3 of the Lair of Beasts)


   Skills:
 + Level 12.0 Fighting
 * Level 14.2 Maces & Flails
 + Level 12.7 Polearms
 + Level 10.3 Ranged Weapons
 - Level 3.6 Armour
 - Level 3.6 Shields
 + Level 8.6 Invocations


You had 12 spell levels left.
You didn't know any spells.
Your spell library contained the following spells:

 Spells                   Type           Power      Damage    Failure   Level
 Magic Dart               Conj           0%         1d3       99%         1
 Sting                    Tmut/Pois      0%         1d3       99%         1
 Poisonous Vapours        Pois/Air       0%         N/A       99%         2
 Searing Ray              Conj           0%         2d4       99%         2
 Ozocubu's Armour         Ice            0%         N/A       100%        3
 Stone Arrow              Conj/Erth      0%         3d7       100%        3
 Animate Armour           Summ/Erth      0%         N/A       100%        4
 Fulminant Prism          Conj/Hex       0%         3d5       100%        4
 Olgreb's Toxic Radiance  Pois           0%         N/A       100%        4
 Summon Forest            Summ/Tloc      0%         N/A       100%        5
 Summon Mana Viper        Hex/Summ       0%         N/A       100%        5
 Summon Cactus Giant      Summ           0%         N/A       100%        6
 Ozocubu's Refrigeration  Ice            0%         4d7       100%        7
 Lehudib's Crystal Spear  Conj/Erth      0%         10d2      100%        8


Dungeon Overview and Level Annotations

Branches:
Dungeon (10/15)            Temple (1/1) D:4            Lair (3/5) D:9
  Swamp (0/4) Lair:3        Snake (0/4) Lair:2
    Orc: D:9-12

Altars:
Cheibriados
Dithmenos
Elyvilon
Fedhas
Gozag
Hepliaklqana
Kikubaaqudgha
Makhleb
Nemelex Xobeh
Okawaru
Qazlal
Ru
Trog
Uskayaw
Vehumet
Wu Jian
Xom
Zin
The Shining One

Annotations:
D:4 2 runed translucent doors, Crazy Yiuf; teh's ghost, amateur NaFE


Innate Abilities, Weirdness & Mutations

Your life essence is reduced to manifest your ancestor. (-10% HP)
You have a pair of horns on your head.
You reflexively headbutt those who attack you in melee.
Your flesh is cold resistant. (rC+)
Your movements are slightly less encumbered by armour. (ER -2)


Message History

The ghost crab claws you.
* * * LOW HITPOINT WARNING * * *
You feel drained.
* * * LOW HITPOINT WARNING * * *
You bludgeon the ghost crab!!
You headbutt the ghost crab, but do no damage.
The ghost crab breathes spectral mist at you.
The spectral mist engulfs you but does no damage.
The ghost crab breathes spectral mist at you.
The spectral mist engulfs the ghost crab but does no damage.
You catch the helpless ghost crab completely off-guard!
You hit the ghost crab.
You headbutt the ghost crab, but do no damage.
You are engulfed in spectral mist.
* * * LOW HITPOINT WARNING * * *
The ghost crab bites you but does no damage.
The ghost crab claws you.
* * * LOW HITPOINT WARNING * * *
You barely miss the ghost crab.
You are engulfed in spectral mist.
* * * LOW HITPOINT WARNING * * *
The ghost crab breathes spectral mist at you.
The spectral mist engulfs you but does no damage.
The ghost crab bites you but does no damage.
The ghost crab closely misses you.
The spectral cane toad barely misses you.
You hit the ghost crab. You headbutt the ghost crab.
You are engulfed in spectral mist.
* * * LOW HITPOINT WARNING * * *
The ghost crab bites you.
* * * LOW HITPOINT WARNING * * *
You block the ghost crab's attack. x2; The ghost crab closely misses you.
The spectral cane toad hits you but does no damage.
You block the ghost crab's attack. The ghost crab barely misses you.
The ghost crab bites you.
* * * LOW HITPOINT WARNING * * *
The ghost crab claws you but does no damage.
Unknown command.
You bludgeon the ghost crab!!
You destroy the ghost crab!
The spectral cane toad fades away!
You are engulfed in spectral mist.
The ghost crab closely misses you. You furiously retaliate!
You headbutt the ghost crab. The ghost crab completely misses you.
Your life force feels restored.
Unknown command.
Unknown command.
Unknown command.
The ghost crab breathes spectral mist at you.
The spectral mist engulfs you but does no damage.
You barely miss the ghost crab.
You are engulfed in spectral mist.
You die...

...............................
...............................
##.##.....##. #..#.#....P#####.
######....# ..###.....#
###.###...## ##...## [....###..#
♣♣♣##..## .....# #..# ♣♣♣°♣♣♣♣..#
.....###.## ♣♣♣t°°..♣♣♣.## #
..#####P.# ♣.§@°.~°.....# ..# .P#
###.#♣§§§☼○♣♣♣♣.~...## ...
.#####.#.#♣§§☼.§ ♣.......###.#
.........#♣♣♣♣☼§ ........##.#.###
.........### ♣♣♣.~.~.♣♣♣.........
...........### ♣♣♣♣♣♣♣♣..........
.............### ##÷..........
#..#.#.........######.<†#.##.....
.#..##...............÷...#R..#..#


You could see a ghost crab.

Vanquished Creatures
  A hydra (Lair:3)
  Erica (D:9)
  A ghost crab (Lair:3)
  A two-headed ogre (D:10)
  5 death yaks
  An oklob plant (Lair:1)
  2 ugly things
  A black mamba (Lair:2)
  7 cane toads
  5 komodo dragons (Lair:1)
  A polar bear (Lair:2)
  A troll (D:9)
  A hornet (D:8)
  A dream sheep (Lair:2)
  19 blink frogs
  A spectral black mamba (Lair:3)
  8 yaks (Lair:3)
  4 wyverns
  Grum (D:9)
  Eustachio (D:5)
  A steam dragon (D:8)
  2 vampire mosquitoes (D:10)
  Edmund (D:4)
  7 water moccasins
  A black bear (D:5)
  2 orc warriors (D:8)
  2 ogres (D:5)
  2 centaurs
  A wolf (D:8)
  3 phantoms
  A spectral basilisk (Lair:3)
  A kobold brigand (D:9)
  7 bullfrogs
  A necrophage (D:7)
  Blork the orc (D:4)
  5 scorpions
  19 wights
  4 killer bees (D:9)
  5 howler monkeys
  3 lava snakes (Lair:2)
  A hound (D:5)
  A gnoll bouda (D:7)
  An iron imp (D:10)
  A jelly (D:5)
  3 orc priests
  Jessica (D:3)
  2 iguanas
  Ijyb (D:4)
  Natasha (D:3)
  4 orc wizards
  3 hell rats (Lair:2)
  6 gnolls
  5 adders
  6 river rats (Lair:2)
  A shadow imp (D:8)
  4 white imps
  An ufetubus (D:6)
  4 worms
  A dart slug (D:3)
  25 orcs
  8 ball pythons
  4 bats
  10 endoplasms
  6 giant cockroaches
  7 goblins
  6 hobgoblins
  4 jackals (D:3)
  4 quokkas
  4 frilled lizards
  8 kobolds
  7 rats
272 creatures vanquished.

Vanquished Creatures (collateral kills)
  4 hydras
  A two-headed ogre (D:8)
  A salamander (Lair:2)
  A deep elf pyromancer (D:10)
  A torpor snail (Lair:2)
  A komodo dragon (Lair:1)
  6 blink frogs
  4 yaks (Lair:3)
  A water moccasin (D:9)
  A spectral blink frog (Lair:3)
  A sky beast (D:8)
  A wolf (D:9)
  A bullfrog (D:6)
  3 wights
  2 killer bees (D:9)
  3 orc wizards
  7 orcs
  A kobold (D:9)
40 creatures vanquished.

Vanquished Creatures (others)
  4 hexers
  An ancestor (D:7)
  An orc (D:7)
  20 fungi
  18 plants
44 creatures vanquished.

Grand Total: 356 creatures vanquished

Notes
Turn   | Place    | Note
-------+----------+-------------------------------------------
     0 | D:1      | Pooter the Minotaur Fighter began the quest for the Orb.
     0 | D:1      | Reached XP level 1. HP: 19/19 MP: 0/0
   243 | D:1      | Reached XP level 2. HP: 27/27 MP: 1/1
   280 | D:1      | Found a faded altar of an unknown god.
  1344 | D:2      | Reached XP level 3. HP: 24/33 MP: 2/2
  1987 | D:2      | Reached skill level 1 in Ranged Weapons
  2055 | D:3      | Noticed Natasha
  2063 | D:3      | Killed Natasha
  2064 | D:3      | Reached XP level 4. HP: 41/41 MP: 3/3
  2303 | D:3      | Noticed Jessica
  2308 | D:3      | Killed Jessica
  2309 | D:3      | Reached skill level 5 in Polearms
  2309 | D:3      | Reached XP level 5. HP: 45/47 MP: 4/4
  3113 | D:4      | Noticed Blork the orc
  3115 | D:4      | Killed Blork the orc
  3116 | D:4      | Reached skill level 5 in Fighting
  3474 | D:4      | Reached XP level 6. HP: 56/56 MP: 5/5
  3751 | D:4      | Noticed Ijyb
  3761 | D:4      | Killed Ijyb
  3819 | D:4      | Noticed Edmund
  3827 | D:4      | Killed Edmund
  3834 | D:4      | Found a glowing golden altar of the Shining One.
  4007 | D:4      | Found a staircase to the Ecumenical Temple.
  4015 | Temple   | Entered the Ecumenical Temple
  4119 | Temple   | Became a worshipper of Hepliaklqana the Forgotten
  4199 | D:4      | Noticed teh's ghost (amateur NaFE)
  4202 | D:4      | Found a runed translucent door.
  4303 | D:4      | Found a runed translucent door.
  4304 | D:4      | Noticed Crazy Yiuf
  4391 | D:5      | Entered Level 5 of the Dungeon
  4430 | D:5      | Found an opulent altar of Gozag.
  4439 | D:5      | Reached XP level 7. HP: 62/62 MP: 6/6
  4786 | D:5      | Noticed Eustachio
  4802 | D:5      | Killed Eustachio
  4803 | D:5      | Reached skill level 1 in Maces & Flails
  4904 | D:5      | Found a radiant altar of Vehumet.
  5010 | D:5      | Reached skill level 1 in Invocations
  5037 | D:5      | Reached skill level 2 in Maces & Flails
  5037 | D:5      | Reached XP level 8. HP: 60/71 MP: 7/7
  5276 | D:6      | Found a blossoming altar of Fedhas.
  5386 | D:6      | Reached * piety under Hepliaklqana
  5388 | D:6      | Reached skill level 3 in Maces & Flails
  5527 | D:6      | Found a glowing silver altar of Zin.
  5557 | D:6      | Reached skill level 5 in Ranged Weapons
  5578 | D:6      | Reached skill level 4 in Maces & Flails
  6174 | D:7      | Reached skill level 5 in Maces & Flails
  6412 | D:7      | Reached XP level 9. HP: 35/71 MP: 10/10
  7071 | D:8      | Upgraded the game from 0.30-a0-723-gc1506a1cf0 to
                  | 0.30-a0-726-gd89dcf765f
  7173 | D:8      | Reached ** piety under Hepliaklqana
  7174 | D:8      | Remembered your ancestor Jaydra as a hexer
  7237 | D:8      | Reached skill level 6 in Maces & Flails
  7443 | D:8      | Reached skill level 7 in Maces & Flails
  7572 | D:8      | Found a shadowy altar of Dithmenos.
  7700 | D:8      | Noticed a two-headed ogre
  7704 | D:8      | Killed a two-headed ogre
  7705 | D:8      | Reached skill level 8 in Maces & Flails
  7705 | D:8      | Reached XP level 10. HP: 81/81 MP: 12/12
  8034 | D:8      | Found a hide-covered altar of Uskayaw.
  8398 | D:9      | Found a staircase to the Lair.
  8662 | D:9      | Paralysed by a hornet for 1 turns
  8893 | D:8      | Reached skill level 5 in Invocations
  8929 | D:8      | Reached skill level 10 in Polearms
  8980 | D:9      | Noticed Grum
  8986 | D:9      | Killed Grum
  8986 | D:9      | Noticed Erica
  9282 | D:9      | Killed Erica
  9283 | D:9      | Reached skill level 9 in Maces & Flails
  9444 | D:9      | Reached *** piety under Hepliaklqana
  9614 | D:9      | Noticed a purple ugly thing
  9618 | D:9      | Killed a purple ugly thing
  9674 | D:9      | Found a stormy altar of Qazlal.
 10083 | D:10     | Entered Level 10 of the Dungeon
 10176 | D:10     | Found an ancient bone altar of Kikubaaqudgha.
 10188 | D:10     | Found a burning altar of Makhleb.
 10263 | D:10     | Noticed a deep elf pyromancer
 10267 | D:10     | Killed a deep elf pyromancer
 10268 | D:10     | Reached skill level 10 in Maces & Flails
 10282 | D:10     | Reached XP level 11. HP: 89/89 MP: 14/14
 10311 | D:10     | Reached **** piety under Hepliaklqana
 10321 | D:10     | Found a snail-covered altar of Cheibriados.
 10355 | D:10     | Noticed a green ugly thing
 10362 | D:10     | Killed a green ugly thing
 10466 | D:10     | Noticed a two-headed ogre
 10471 | D:10     | Killed a two-headed ogre
 10515 | D:10     | Found a sparkling altar of Nemelex Xobeh.
 10866 | Lair:1   | Entered Level 1 of the Lair of Beasts
 11227 | Lair:1   | Reached skill level 10 in Fighting
 11241 | Lair:1   | Reached skill level 11 in Maces & Flails
 11522 | Lair:1   | Found a shimmering altar of Xom.
 11522 | Lair:1   | Noticed an oklob plant
 11532 | Lair:1   | Killed an oklob plant
 11708 | Lair:1   | Gained mutation: You are frail. (-10% HP) [potion of
                  | mutation]
 11708 | Lair:1   | Gained mutation: You have large cloven feet. [potion of
                  | mutation]
 11708 | Lair:1   | Gained mutation: Your muscles are strong. (Str +4, Int/Dex
                  | -1) [potion of mutation]
 11709 | Lair:1   | Lost mutation: Your muscles are strong. (Str +4, Int/Dex
                  | -1) [potion of mutation]
 11709 | Lair:1   | Lost mutation: You are frail. (-10% HP) [potion of
                  | mutation]
 11709 | Lair:1   | Lost mutation: You have large cloven feet. [potion of
                  | mutation]
 11709 | Lair:1   | Gained mutation: You are frail. (-10% HP) [potion of
                  | mutation]
 11709 | Lair:1   | Lost mutation: You are frail. (-10% HP) [potion of
                  | mutation]
 11709 | Lair:1   | Gained mutation: Your flesh is cold resistant. (rC+)
                  | [potion of mutation]
 11709 | Lair:1   | Gained mutation: Your movements are slightly less
                  | encumbered by armour. (ER -2) [potion of mutation]
 12398 | Lair:2   | Reached skill level 12 in Maces & Flails
 12722 | Lair:2   | Reached XP level 12. HP: 97/97 MP: 16/16
 12822 | Lair:2   | Noticed a five-headed hydra
 12827 | Lair:2   | Killed a five-headed hydra
 12937 | Lair:2   | Noticed a death yak
 12944 | Lair:2   | Killed a death yak
 13303 | Lair:2   | Found a staircase to the Snake Pit.
 14134 | Lair:3   | Reached skill level 13 in Maces & Flails
 14188 | Lair:3   | Noticed a five-headed hydra
 14192 | Lair:3   | Killed a five-headed hydra
 14244 | Lair:3   | Reached ***** piety under Hepliaklqana
 14439 | Lair:3   | Noticed a seven-headed hydra
 14443 | Lair:3   | Killed a seven-headed hydra
 14525 | Lair:3   | Reached skill level 10 in Ranged Weapons
 14563 | Lair:3   | Noticed a four-headed hydra
 14567 | Lair:3   | Noticed a six-headed hydra
 14570 | Lair:3   | Killed a six-headed hydra
 14572 | Lair:3   | Killed a four-headed hydra
 15160 | Lair:3   | Noticed a death yak
 15160 | Lair:3   | Noticed a death yak
 15161 | Lair:3   | Noticed a death yak
 15164 | Lair:3   | Noticed a death yak
 15165 | Lair:3   | Killed a death yak
 15166 | Lair:3   | Reached skill level 14 in Maces & Flails
 15170 | Lair:3   | Killed a death yak
 15171 | Lair:3   | Reached XP level 13. HP: 74/105 MP: 18/18
 15282 | Lair:3   | Found a staircase to the Swamp.
 15295 | Lair:3   | Engulfed by a ghost crab's spectral mist

Illustrated notes

Levels and vault maps discovered:
D:1:      dpeg_arrival_signposts, layout_basic,
          hellmonk_ecumenical_altar_run_dry
D:2:      layout_basic, amcnicky_mini_corridor_feature
D:3:      layout_loops_corners, minmay_quantized, uniq_natasha, uniq_jessica
D:4:      layout_basic, nicolae_tso_carved_into_rock, temple_hall,
          hellmonk_ghost_happy_afterlife, uniq_blork_the_orc, uniq_edmund,
          uniq_ijyb, uniq_crazy_yiuf_cottage
D:5:      layout_rooms, overflow_temple_1_default, mainiacjoe_overflow_alcove_1,
          minmay_misc_feat_diagonals, uniq_eustachio
D:6:      layout_cave_pods, kennysheep_little_box, fedhas_altar_1
D:7:      layout_basic
D:8:      layout_layer_cave, grunt_dithmenos_shadows, lemuel_tele_altar
D:9:      layout_basic, grunt_qazlal_clouds, lair_entry_dummy, uniq_grum,
          uniq_erica
D:10:     layout_basic, slow_altar_1, nemelex_altar_shiori,
          mainiacjoe_overflow_big_doors
Temple:   jpeg_temple_alley_garden
Lair:1:   layout_roguey, lemuel_oklob_altar
Lair:2:   layout_roguey, nicolae_snake_entry_warm_welcome,
          kennysheep_abandoned_house, serial_bayou_shore_b, lemuel_fruit_tree
Lair:3:   layout_regular_city, nicolae_swamp_entry_spooky

Skill      XL: |  1  2  3  4  5  6  7  8  9 10 11 12 13 |
---------------+----------------------------------------+-----
Polearms       | 3 4 5 7 8 9 10 11 12 | 12.7
Fighting       | 4 5 6 7 8 9 10 11 12 | 12.0
Ranged Weapons | 1 2 3 4 5 6 7 9 10 | 10.3
Maces & Flails | 2 5 8 10 12 14 | 14.2
Invocations    | 1 3 4 5 7 8 |  8.6
Armour         | |  3.6
Shields        | |  3.6

Action                     |  1- 3 |  4- 6 |  7- 9 | 10-12 | 13-15 || total
---------------------------+-------+-------+-------+-------+-------++-------
  Melee: Trident           |    60 |    91 |    72 |       |       ||   223
         Headbutt          |    10 |     7 |    17 |    46 |     8 ||    88
         Morningstar       |       |       |    84 |   265 |    16 ||   365
   Fire: Sling             |    42 |    54 |    22 |     1 |       ||   119
  Throw: Stone             |     3 |       |       |     8 |       ||    11
         Dart              |       |     3 |       |    20 |       ||    23
         Javelin           |       |       |       |     1 |       ||     1
 Invoke: Ancestor Identity |       |       |     1 |       |       ||     1
         Ancestor Life: He |       |       |     1 |       |       ||     1
  Evoke: Wand              |       |     6 |     7 |     1 |       ||    14
    Use: Scroll            |     2 |     3 |     5 |     9 |       ||    19
         Potion            |       |       |     1 |     4 |       ||     5
   Stab: Confused          |       |       |       |     6 |       ||     6
         Distracted        |       |       |       |     5 |     1 ||     6
 Armour: Scale mail        |    14 |    25 |    21 |       |       ||    60
         Chain mail        |       |       |    12 |       |       ||    12
         Plate armour      |       |       |    33 |   109 |    10 ||   152
  Dodge: Dodged            |    20 |    27 |    87 |   118 |     7 ||   259
  Block: Buckler           |     5 |    13 |    33 |    70 |     5 ||   126

Table legend: (Time is in decaauts)
 A = Elapsed time spent in this place.
 B = Non-inter-level travel time spent in this place.
 C = Inter-level travel time spent in this place.
 D = Time resting spent in this place.
 E = Time spent auto-exploring this place.
 F = Levels seen in this place.
 G = Mean time per level.
                   A        B        C        D        E       F      G
               +--------+--------+--------+--------+--------+-----+--------+
         Total |  15523 |  15215 |    308 |   2226 |  10689 |  14 | 1108.8 |
       Dungeon |  10881 |  10635 |    246 |   1638 |   7330 |  10 | 1088.1 |
        Temple |    133 |    105 |     28 |      0 |     95 |   1 |  133.0 |
          Lair |   4508 |   4475 |     33 |    588 |   3264 |   3 | 1502.7 |
               +--------+--------+--------+--------+--------+-----+--------+

Top non-repeatable levels by time:
     D:8: 2146 daAuts
  Lair:2: 1661 daAuts
  Lair:1: 1479 daAuts
  Lair:3: 1367 daAuts
     D:1: 1178 daAuts
     D:4: 1155 daAuts
     D:3: 1009 daAuts
     D:6: 1007 daAuts
     D:7: 966 daAuts
     D:9: 964 daAuts
     D:2: 952 daAuts
    D:10: 760 daAuts
     D:5: 739 daAuts
  Temple: 133 daAuts
